 Dungeon Crawl Stone Soup version 0.28.0-53-g5a82cb258f (webtiles) character file.

Game seed: 5328198148054697985

16051 SanguineChosen the Basher (level 12, -3/75 HPs)
             Began as a Gargoyle Fighter on July 20, 2022.
             Slain by an ironbound frostheart (14 damage)
             ... in an ice cave.
             The game lasted 00:51:55 (14769 turns).

SanguineChosen the Basher (Gargoyle Fighter)       Turns: 14769, Time: 00:51:56

Health: -3/75      AC: 32    Str: 21    XL:     12   Next: 33%
Magic:  12/12      EV:  7    Int:  6    God:
Gold:   803        SH:  0    Dex:  9    Spells: 11/11 levels left

rFire   + . .      SeeInvis +   i - +6 dire flail (protect)
rCold   + . .      Faith    .   (shield currently unavailable)
rNeg    + + +      Spirit   .   I - +4 plate armour {rC+}
rPois   ∞          Reflect  .   (no helmet)
rElec   +          Harm     .   f - +2 cloak
rCorr   .          Rampage  .   h - +0 pair of gloves
Will    +++..      Clarity  +   A - +0 pair of boots
Stlth   ..........              j - amulet "Cennouf" {Acrobat rElec rPois Will+ Int-2 SInv}
HPRegen 0.22/turn               k - ring of willpower
MPRegen 0.13/turn               a - ring "Wecares" {Fire rPois rN+++ Int-3 Stlth+}

@: about to teleport, frozen, very slow
A: sickness immunity, AC +8, negative energy resistance 1, electricity
resistance, torment resistance 1, petrification resistance, clarity, cold
resistance 1, strong-willed 1, weak 1
a: no special abilities


You were in an ice cave.
You visited 1 branch of the dungeon, and saw 11 of its levels.
You also visited: Sewer, Ossuary and Ice Cave.

You collected 825 gold pieces.
You spent 22 gold pieces at shops.

Inventory:

Hand Weapons
 i - a +6 dire flail of protection (weapon)
 s - a +2 flail of freezing
 F - a +3 war axe
Missiles
 m - a poisoned dart (quivered)
Armour
 b - a +0 scale mail
 c - a +3 buckler
 f - a +2 cloak (worn)
 h - a +0 pair of gloves (worn)
 A - a +0 pair of boots (worn)
 G - a +0 troll leather armour
 H - +0 acid dragon scales
 I - a +4 plate armour of cold resistance (worn)
Jewellery
 a - the ring "Wecares" (right hand) {Fire rPois rN+++ Int-3 Stlth+}
   (You acquired it on level 8 of the Dungeon)

   [ring of fire]

   It enhances your fire magic.
   Int:       It affects your intelligence (-3).
   rF:        It protects you from fire.
   rC:        It makes you vulnerable to cold.
   rPois:     It protects you from poison.
   rN:        It renders you almost immune to negative energy.
   Stlth:     It makes you more stealthy.
 j - the amulet "Cennouf" (around neck) {Acrobat rElec rPois Will+ Int-2 SInv}
   (You acquired it in a sewer)

   [amulet of the acrobat]

   It increases your evasion while moving and waiting.
   Int:       It affects your intelligence (-2).
   rElec:     It insulates you from electricity.
   rPois:     It protects you from poison.
   SInv:      It lets you see invisible.
   Will:      It increases your willpower.
 k - a ring of willpower (left hand)
 p - a ring of positive energy
 x - an amulet of regeneration
Wands
 w - a wand of charming (4)
 y - a wand of flame (24)
 B - a wand of paralysis (9)
 C - a wand of iceblast (8)
 D - a wand of acid (14)
 J - a wand of polymorph (4)
Scrolls
 l - a scroll of fog {unknown}
 r - 2 scrolls of teleportation
 v - a scroll of identify
 K - a scroll of blinking
Potions
 d - a potion of might
 g - 2 potions of ambrosia
 n - 2 potions of lignification
 o - 2 potions of cancellation
 q - 2 potions of invisibility
 t - a potion of berserk rage {unknown}
 u - a potion of flight {unknown}
 z - a potion of resistance
 E - 2 potions of haste


   Skills:
 + Level 8.7 Fighting
 - Level 4.1 Long Blades
 * Level 14.7 Maces & Flails
 + Level 1.9 Throwing
 + Level 8.6 Armour
 + Level 4.0 Dodging
 + Level 2.1 Stealth
 + Level 5.1 Shields
 + Level 0.5 Evocations


You had 11 spell levels left.
You didn't know any spells.
Your spell library contained the following spells:

 Spells                   Type           Power      Damage    Failure   Level
 Freeze                   Ice            0%         1d3       100%        1
 Slow                     Hex            0%         N/A       100%        1
 Blink                    Tloc           0%         N/A       100%        2
 Corpse Rot               Necr/Air       0%         N/A       100%        2
 Poisonous Vapours        Pois/Air       0%         N/A       100%        2
 Confusing Touch          Hex            0%         N/A       100%        3
 Frozen Ramparts          Ice            0%         1d2       100%        3
 Ignite Poison            Fire/Tmut/Pois 0%         N/A       100%        3
 Mephitic Cloud           Conj/Pois/Air  0%         N/A       100%        3
 Ozocubu's Armour         Ice            0%         N/A       100%        3
 Vampiric Draining        Necr           0%         2d6       100%        3
 Animate Armour           Summ/Erth      0%         N/A       100%        4
 Hailstorm                Conj/Ice       0%         3d3       100%        4
 Summon Ice Beast         Ice/Summ       0%         N/A       100%        4
 Blade Hands              Tmut           0%         N/A       100%        5
 Freezing Cloud           Conj/Ice/Air   0%         6-21      100%        5
 Irradiate                Conj/Tmut      0%         3d13      100%        5
 Summon Forest            Summ/Tloc      0%         N/A       100%        5
 Simulacrum               Ice/Necr       0%         N/A       100%        6
 Dragon Form              Tmut           0%         N/A       100%        7
 Summon Hydra             Summ           0%         N/A       100%        7


Dungeon Overview and Level Annotations

Branches:
Dungeon (11/15)            Temple (0/1) D:6            Lair (0/6) D:10
  Sewer (visited)         Ossuary (visited)           IceCv (1/1)
    Orc: D:9-12

Altars:
Dithmenos
Fedhas
Hepliaklqana
Makhleb
Qazlal
Ru
Yredelemnul

Shops:
D:2 *   D:3 (   D:11 (


Innate Abilities, Weirdness & Mutations

You are immune to sickness and miasma.
Your stone body is resilient. (AC +8)
You are immune to poison.
You resist negative energy. (rN+)
You are resistant to electric shocks. (rElec)
You are resistant to unholy torment.
You are immune to petrification.
You possess an exceptional clarity of mind.
Your flesh is cold resistant. (rC+)
You are strong-willed. (Will+)
You are weak. (Str -2)


Message History

Throw: 5 darts (poison)
Press: ? - help, Q - select action, (/) - cycle Shift-Dir - straight line, f - ironbound frostheart
Aim: an ironbound frostheart, wearing a +0 ring mail (lightly wounded, 63% to hit)
You throw a poisoned dart.
The poisoned dart completely misses the ironbound frostheart.
Throw: 4 darts (poison)
Press: ? - help, Q - select action, (/) - cycle Shift-Dir - straight line, f - you
Okay, then.
The ironbound frostheart calls freezing cold from the walls.
The frost grips you. You partially resist.
You are encased in ice.
Throw: 4 darts (poison)
Press: ? - help, Q - select action, (/) - cycle Shift-Dir - straight line, f/p - ironbound frostheart
Aim: an ironbound frostheart, wearing a +0 ring mail (63% to hit)
You throw a poisoned dart.
The poisoned dart barely misses the ironbound frostheart.
Throw: 3 darts (poison)
Press: ? - help, Q - select action, (/) - cycle Shift-Dir - straight line, f/p - ironbound frostheart
Aim: an ironbound frostheart, wearing a +0 ring mail (63% to hit)
You throw a poisoned dart.
The poisoned dart barely misses the ironbound frostheart.
The ironbound frostheart calls freezing cold from the walls.
The frost grips you!! You partially resist.
Throw: 2 darts (poison)
Press: ? - help, Q - select action, (/) - cycle Shift-Dir - straight line, f/p - ironbound frostheart
Aim: an ironbound frostheart, wearing a +0 ring mail (63% to hit)
You throw a poisoned dart.
The poisoned dart hits the ironbound frostheart.
Unknown command.
The ice encasing you melts away.
The ironbound frostheart calls freezing cold from the walls.
The frost grips you!! You partially resist.
* * * LOW HITPOINT WARNING * * *
You are encased in ice.
You feel better.
As you read the scroll of teleportation, it crumbles to dust.
You feel strangely unstable. The ironbound frostheart touches you.
* * * LOW HITPOINT WARNING * * *
The ironbound frostheart freezes you! You resist.
You die...

#....###≈≈≈≈≈≈≈####...#
#######..##≈≈≈≈≈≈≈##..###
#..####.####≈≈≈≈≈≈≈##..###
#..#.#.#≈≈≈≈≈≈≈≈≈###..##
###[..###≈≈≈≈≈≈≈≈#..###.
###††.##≈≈≈≈≈≈##...##.
###†.###≈≈≈##..#####
##..#########.### ###@.##
###..# ###..p## #....##
###....## .....##..†
##....(## ...§.# ###†
##......##### .○... ##
#........#$$###....
#.##.((...†$$/!#.#. .
####...$$$|:)###
#.$$$(=[)##


You could see an ironbound frostheart.

Vanquished Creatures
  An ironbound frostheart (IceCv)
  Erica (D:8)
  2 death yaks (IceCv)
  2 ugly things
  A manticore (D:10)
  Maggie (D:8)
  A rime drake (IceCv)
  An unseen horror (D:11)
  A troll (D:8)
  9 polar bears (IceCv)
  Grinder (D:4)
  21 yaks
  A wyvern (D:7)
  A steam dragon (D:9)
  4 vampire mosquitoes (D:11)
  Edmund (D:4)
  2 water moccasins
  2 acid dragons
  2 ice beasts (D:5)
  A black bear (D:6)
  2 orc warriors
  2 ogres
  17 wolves (IceCv)
  5 centaurs
  2 kobold brigands (Sewer)
  A wyvern zombie (D:7)
  3 bullfrogs
  A gnoll sergeant (D:11)
  11 killer bees
  3 wights (D:10)
  A howler monkey (D:8)
  A gnoll shaman (D:8)
  6 orc priests
  2 bullfrog zombies
  4 centaur zombies
  3 hounds
  Crazy Yiuf (D:6)
  2 iguanas
  7 orc wizards
  8 mummies (Ossuary)
  A howler monkey zombie (D:9)
  14 gnolls
  A howler monkey skeleton (D:6)
  8 adders
  4 river rats (Sewer)
  A shadow imp (D:6)
  13 white imps
  2 adder skeletons (D:4)
  2 worms
  3 dart slugs
  42 orcs
  6 bats
  4 endoplasms
  7 giant cockroaches
  2 gnoll zombies (Ossuary)
  3 goblins
  7 hobgoblins
  7 jackals
  24 kobolds
  4 quokkas
  8 ball pythons
  7 frilled lizards
  A hobgoblin zombie (Ossuary)
  3 kobold zombies (Ossuary)
  2 orc zombies (Ossuary)
  22 rats
336 creatures vanquished.

Vanquished Creatures (others)
  8 plants (D:10)
8 creatures vanquished.

Grand Total: 344 creatures vanquished

Notes
Turn   | Place    | Note
-------+----------+-------------------------------------------
     0 | D:1      | SanguineChosen the Gargoyle Fighter began the quest for the
                  | Orb.
     0 | D:1      | Reached XP level 1. HP: 14/14 MP: 1/1
    20 | D:1      | Found a faded altar of an unknown god.
    77 | D:1      | Reached XP level 2. HP: 19/19 MP: 2/2
   535 | D:1      | Reached XP level 3. HP: 19/23 MP: 3/3
  1782 | D:2      | Reached XP level 4. HP: 29/29 MP: 4/4
  1825 | D:2      | Found Ryonteyr's General Store.
  1830 | D:2      | Bought a scroll of identify for 22 gold pieces
  2114 | D:3      | Found Woskump's Antique Weapon Emporium.
  3091 | D:4      | Noticed a water moccasin
  3114 | D:4      | Killed a water moccasin
  3115 | D:4      | Reached skill level 1 in Long Blades
  3115 | D:4      | Reached skill level 3 in Maces & Flails
  3115 | D:4      | Reached XP level 5. HP: 28/33 MP: 5/5
  3174 | D:4      | Found a glowing drain.
  3186 | Sewer    | Entered a sewer
  3207 | Sewer    | Reached XP level 6. HP: 30/38 MP: 6/6
  3918 | Sewer    | Reached skill level 1 in Dodging
  3918 | Sewer    | Reached XP level 7. HP: 34/44 MP: 7/7
  4223 | Sewer    | Identified a scroll of acquirement
  4223 | Sewer    | Acquired the amulet "Cennouf" {Acrobat rElec rPois Will+
                  | Int-2 SInv}
  4730 | D:4      | Reached skill level 5 in Armour
  4980 | D:4      | Noticed Edmund
  5006 | D:4      | Killed Edmund
  5007 | D:4      | Reached skill level 5 in Fighting
  5140 | D:4      | Noticed Grinder
  5148 | D:4      | Killed Grinder
  5149 | D:4      | Reached skill level 5 in Shields
  5149 | D:4      | Reached XP level 8. HP: 49/49 MP: 8/8
  5625 | D:5      | Entered Level 5 of the Dungeon
  5698 | D:5      | Reached skill level 4 in Maces & Flails
  6123 | D:5      | Found a basalt altar of Yredelemnul.
  6142 | D:5      | Found a sacrificial altar of Ru.
  6145 | D:5      | Found a shadowy altar of Dithmenos.
  6148 | D:5      | Found a stormy altar of Qazlal.
  6203 | D:5      | Reached skill level 5 in Maces & Flails
  6764 | D:6      | Found a runed translucent door.
  7113 | D:6      | Noticed Crazy Yiuf
  7215 | D:6      | Reached skill level 6 in Maces & Flails
  7234 | D:6      | Found a sand-covered staircase.
  7240 | Ossuary  | Entered an ossuary
  7449 | Ossuary  | Reached XP level 9. HP: 42/54 MP: 9/9
  7659 | Ossuary  | Gained mutation: You sometimes lose the ability to read
                  | scrolls when taking damage. [potion of mutation]
  7659 | Ossuary  | Gained mutation: You have a pair of small horns on your
                  | head. [potion of mutation]
  7659 | Ossuary  | Gained mutation: You are weak. (Str -2) [potion of
                  | mutation]
  7659 | Ossuary  | Gained mutation: Your spells are a little harder to cast,
                  | but a little more powerful. [potion of mutation]
  7660 | Ossuary  | Lost mutation: Your spells are a little harder to cast, but
                  | a little more powerful. [potion of mutation]
  7660 | Ossuary  | Lost mutation: You have a pair of small horns on your head.
                  | [potion of mutation]
  7660 | Ossuary  | Gained mutation: You possess an exceptional clarity of
                  | mind. [potion of mutation]
  7660 | Ossuary  | Gained mutation: You are strong-willed. (Will+) [potion of
                  | mutation]
  7660 | Ossuary  | Lost mutation: You sometimes lose the ability to read
                  | scrolls when taking damage. [potion of mutation]
  7660 | Ossuary  | Gained mutation: Your flesh is cold resistant. (rC+)
                  | [potion of mutation]
  7757 | D:6      | Found a staircase to the Ecumenical Temple.
  7822 | D:6      | Reached skill level 7 in Maces & Flails
  8249 | D:6      | Killed Crazy Yiuf
  8747 | D:7      | Reached skill level 1 in Stealth
  8997 | D:7      | Reached skill level 8 in Maces & Flails
  9525 | D:8      | Noticed Maggie
  9571 | D:8      | Killed Maggie
  9572 | D:8      | Reached skill level 9 in Maces & Flails
  9572 | D:8      | Reached skill level 1 in Throwing
  9717 | D:8      | Got the Handbook of Ashen Cold
  9767 | D:8      | Reached XP level 10. HP: 51/61 MP: 10/10
 10192 | D:8      | Noticed Erica
 10198 | D:8      | Found a burning altar of Makhleb.
 10223 | D:8      | Killed Erica
 10224 | D:8      | Reached skill level 10 in Maces & Flails
 10351 | D:8      | Found a hazy altar of Hepliaklqana.
 10785 | D:8      | Acquired the ring "Wecares" {Fire rPois rN+++ Int-3 Stlth+}
 11525 | D:10     | Entered Level 10 of the Dungeon
 11740 | D:10     | Found a blossoming altar of Fedhas.
 11904 | D:10     | Found a staircase to the Lair.
 11987 | D:10     | Identified the +1 ring mail "Uhaluosi" {*Slow Will++ Dex+5}
 12155 | D:10     | Reached skill level 11 in Maces & Flails
 12244 | D:10     | Noticed a manticore
 12276 | D:10     | Killed a manticore
 12732 | D:11     | Reached XP level 11. HP: 42/67 MP: 11/11
 12941 | D:11     | Reached skill level 12 in Maces & Flails
 12945 | D:11     | Found Qahoilad's Hydra Hut.
 12948 | D:11     | Noticed a four-headed hydra
 13099 | D:11     | Noticed a green ugly thing
 13112 | D:11     | Killed a green ugly thing
 13214 | D:11     | Found a frozen archway.
 13262 | IceCv    | Entered an ice cave
 13659 | IceCv    | Noticed a white ugly thing
 13676 | IceCv    | Killed a white ugly thing
 13836 | IceCv    | Got the Compendium of Displaced Summoning
 13860 | IceCv    | Reached skill level 13 in Maces & Flails
 14440 | IceCv    | Reached skill level 14 in Maces & Flails
 14477 | IceCv    | Reached XP level 12. HP: 51/74 MP: 12/12
 14610 | IceCv    | Noticed an ironbound frostheart
 14611 | IceCv    | Noticed a death yak
 14611 | IceCv    | Noticed a death yak
 14641 | IceCv    | Killed an ironbound frostheart
 14672 | IceCv    | Killed a death yak
 14683 | IceCv    | Killed a death yak
 14752 | IceCv    | Noticed an ironbound frostheart
 14769 | IceCv    | Slain by an ironbound frostheart

Illustrated notes

Levels and vault maps discovered:
D:1:      amcnicky_arrival_underground_garden, layout_basic,
          chequers_ecumenical_altar_simple, minmay_misc_feat_ornament
D:2:      layout_rooms, serial_shops, nicolae_shop_hallway_stairs
D:3:      layout_loops_ring, serial_shops, shop
D:4:      layout_basic, gup_sewer_entry_pipe, dk_noncrumbling_4,
          kennysheep_pointless_box, uniq_edmund, uniq_grinder
D:5:      layout_loops_ring, grunt_temple_overflow_cloverleaf
D:6:      layout_loops_corners, minmay_temple_entry_arrows,
          nicolae_ossuary_entry_monument, kennysheep_generic_room_8,
          uniq_crazy_yiuf_cottage
D:7:      layout_gridville, nicolae_zen_rock_garden
D:8:      layout_basic, grunt_temple_overflow_open, serial_park_tiny_2,
          serial_park_tiny_2, uniq_maggie, uniq_erica
D:9:      layout_gridville
D:10:     layout_irregular_city, fedhas_ov_isle_minmay, dpeg_oklobed_lair,
          minmay_misc_feat_secret_circle
D:11:     layout_gridville, portal_ice_cave_entry_imps, doesnt_shop_hydraphobe
IceCv:    ice_cave_caverns_02

Skill      XL: |  1  2  3  4  5  6  7  8  9 10 11 12 |
---------------+-------------------------------------+-----
Armour         | 4 5 6 7 8 |  8.6
Shields        | 4 5 |  5.1
Long Blades    | 1 2 4 |  4.1
Maces & Flails | 3 6 9 11 14 | 14.7
Fighting       | 4 5 6 7 8 |  8.7
Dodging        | 1 2 3 4 |  4.0
Stealth        | 1 2 |  2.1
Throwing       | 1 |  1.9
Evocations     | |  0.5

Action                   |  1- 3 |  4- 6 |  7- 9 | 10-12 || total
-------------------------+-------+-------+-------+-------++-------
Melee: Flail             |   141 |    56 |       |       ||   197
       Falchion          |       |   145 |    59 |       ||   204
       Dire flail        |       |       |   280 |   540 ||   820
Throw: Dart              |       |       |     8 |    22 ||    30
Evoke: Wand              |       |       |       |     7 ||     7
  Use: Scroll            |       |     5 |     8 |    14 ||    27
       Potion            |       |       |     7 |    14 ||    21
 Stab: Sleeping          |       |       |       |     1 ||     1
Armor: Scale mail        |   117 |   162 |   191 |   104 ||   574
       Acid dragon scale |       |       |       |    79 ||    79
       Plate armour      |       |       |       |   195 ||   195
Dodge: Dodged            |    85 |   106 |   198 |   293 ||   682
Block: Buckler           |    45 |    74 |    13 |       ||   132
